 Dungeon Crawl Stone Soup version 0.18-a0-884-gb6cfd45 (webtiles) character file.

49 cluie the Chiller (level 3, -2/26 HPs)
             Began as a Demonspawn Ice Elementalist on Dec 22, 2015.
             Slain by a kobold (4 damage)
             ... on level 2 of the Dungeon.
             The game lasted 00:06:18 (1294 turns).

cluie the Chiller (Demonspawn Ice Elementalist)     Turns: 1294, Time: 00:06:18

Health: -2/26      AC:  7    Str:  8    XL:     3   Next: 51%
Magic:  2/6        EV: 12    Int: 17    God:
Gold:   27         SH:  0    Dex: 13    Spells: 1 memorised, 5 levels left

rFire  . . .     SeeInvis .     d - +0 dagger
rCold  . . .     Gourm    .     o - +2 leather armour {rPois}
rNeg   . . .     Faith    .     (no shield)
rPois  +         Spirit   .     (no helmet)
rElec  .         Dismiss  .     (no cloak)
rCorr  .         Reflect  .     f - +0 pair of gloves
SustAt .         Harm     .     (no boots)
MR     .....                    (no amulet)
Stlth  ++........               (no ring)
                                (no ring)

@: not resistant to hostile enchantments, unstealthy
A: molten scales 1
a: no special abilities


You were on level 2 of the Dungeon.
You were hungry.

You visited 1 branch of the dungeon, and saw 2 of its levels.

You collected 27 gold pieces.

Inventory:

Hand Weapons
 d - a +0 dagger (weapon)
Armour
 f - a +0 pair of gloves (worn)
 o - a +2 leather armour of poison resistance (worn)
Scrolls
 e - 3 scrolls of remove curse {unknown}
 k - a scroll of noise {unknown}
 l - a scroll of enchant weapon {unknown}
 m - a scroll of identify {unknown}
Potions
 a - a potion of resistance {unknown}
 g - a potion of might {unknown}
 i - 2 potions of flight {unknown}
 j - a potion of agility {unknown}
Books
 b - a book of Frost

   Spells                             Type                      Level
   a - Freeze                         Ice                          1
   b - Throw Frost                    Conjuration/Ice              2
   c - Ozocubu's Armour               Charms/Ice                   3
   d - Throw Icicle                   Conjuration/Ice              4
   e - Summon Ice Beast               Ice/Summoning                4
   f - Condensation Shield            Ice                          4
Comestibles
 c - 3 bread rations
 n - 3 chunks of flesh


   Skills:
 + Level 1.5 Fighting
 + Level 2.1 Dodging
 - Level 1.7 Stealth
 + Level 2.1 Spellcasting
   Level 1.0 Conjurations
 * Level 3.4 Ice Magic


You had 5 spell levels left.
You knew the following spells:

 Your Spells              Type           Power        Failure   Level  Hunger
a - Freeze                Ice            ##..         8%          1    #......


Dungeon Overview and Level Annotations

Branches:
Dungeon (2/15)

Altars:

Annotations:
D:2 Ijyb


Innate Abilities, Weirdness & Mutations

You are partially covered in molten scales (AC +1).


Message History

You feel uncomfortably cold. Ijyb hits you with a vampiric dagger.
* * * LOW HITPOINT WARNING * * *
The kobold barely misses you. The adder bites you but does no damage.
Casting: Freeze
Confirm with . or Enter, or press ? or * to list all spells.
Aiming: Freeze
Press: ? - help, Shift-Dir - straight line, f/p - adder
Aim: an adder (severely wounded, slow)
You freeze the adder.
You kill the adder!
Ijyb hits you with a vampiric dagger.
* * * LOW HITPOINT WARNING * * *
The kobold completely misses you.
Drink which item? (? for menu, Esc to quit)
It was a potion of cancellation.
Your magical contamination has completely faded away.
You feel magically purged. Ijyb hits you with a vampiric dagger.
* * * LOW HITPOINT WARNING * * *
The kobold hits you.
You die...

##########.# #####
...........# #...#####
.#########.# #.#.#.#.#
#)######[.......
########........#.#.#.#
.........######........
........รท.....(#.#.#)#
######..K...............
.......@g..>.....#.#.#.#
######.##.###...........
#. ### #...<#.#.#.# ..
#........... ...
##...#.#.#.# ....
#.......... #....
#........#. #....
#.......... #......####


You could see Ijyb and a kobold.

Vanquished Creatures
  2 adders (D:2)
  A worm (D:2)
  3 giant geckos (D:1)
  A ball python (D:1)
  2 bats (D:1)
  4 goblins
  5 hobgoblins
  A kobold (D:1)
  2 giant newts
  5 rats (D:1)
26 creatures vanquished.

Notes
Turn   | Place    | Note
--------------------------------------------------------------
     0 | D:1      | cluie the Demonspawn Ice Elementalist began the quest for the Orb.
     0 | D:1      | Reached XP level 1. HP: 13/13 MP: 3/3
   226 | D:1      | and his name is
   226 | D:1      | jooooohn cereboovvvv
   309 | D:1      | Reached skill level 3 in Ice Magic
   316 | D:1      | Gained mutation: You are partially covered in molten scales (AC +1). [demonic ancestry]
   316 | D:1      | Reached XP level 2. HP: 10/20 MP: 5/5
  1141 | D:2      | Reached skill level 1 in Fighting
  1160 | D:2      | Reached XP level 3. HP: 14/26 MP: 1/6
  1231 | D:2      | Noticed Ijyb
  1294 | D:2      | Slain by a kobold

Vault maps used:
D:1:      minmay_arrival_plants_in_alcoves
D:2:      kennysheep_the_goblin_king, marbit_many_paths,
          gammafunk_temple_overflow_wave, cheibriados_altar_1, st_stairs_11,
          serial_bayou_pond_b, uniq_iyjb, uniq_sigmund

Action                   || total
-------------------------++-------
Melee: Dagger            ||   106
 Cast: Freeze            ||    16
  Use: Potion            ||     1
 Stab: Sleeping          ||     1
  Eat: Chunk             ||     1
